 Dungeon Crawl Stone Soup version 0.30.1 (webtiles) character file.

Game seed: 16158854756259366814

213223 fungusakafungus the Severer (level 18, -6/176 HPs)
             Began as a Minotaur Berserker on July 1, 2023.
             Was the Champion of Trog.
             Mangled by an emperor scorpion (19 damage)
             ... on level 4 of the Spider Nest on July 10, 2023.
             The game lasted 05:30:04 (44042 turns).

fungusakafungus the Severer (Minotaur Berserker)   Turns: 44042, Time: 05:30:05

Health: -6/176     AC: 26    Str: 25 (28) XL:     18   Next: 26%
Magic:  1/17       EV: 12    Int:  1 (4)  God:    Trog [******]
Gold:   1563       SH:  5    Dex: 10 (12) Spells: 17/17 levels left

rFire   . . .        Q - +3 executioner's axe (freeze)
rCold   + . .        (shield currently unavailable)
rNeg    . . .        q - +2 plate armour {rC+}
rPois   +            H - +1 hat
rElec   .            s - +0 cloak
rCorr   .            R - +1 pair of gloves
SInv    .            (no boots)
Will    +....        M - amulet of reflection Stlth
                     t - ring of poison resistance
HPRegen 0.49/turn    G - +4 ring of slaying
MPRegen 0.15/turn

%: reflection, clarity
@: mighty
A: horns 2, retaliatory headbutt, clarity, MP-powered wands
}: 1/15 runes: barnacled
a: Renounce Religion, Berserk, Trog's Hand, Brothers in Arms


You were on level 4 of the Spider Nest.
You worshipped Trog.
Trog was exalted by your worship.
You visited 5 branches of the dungeon, and saw 30 of its levels.
You also visited: Ice Cave.

You collected 3433 gold pieces.
You spent 1870 gold pieces at shops.

Inventory:

Hand Weapons
 m - a +8 broad axe
 p - the +7 battleaxe of Megalomania {antimagic, *Rage Str+9}
   (Trog gifted it to you on level 14 of the Dungeon)

   Str:       It affects your strength (+9).
   *Rage:     It berserks you when you make melee attacks (+20% chance).
 w - a +4 battleaxe of flaming
 I - the +6 broad axe of Anguish {freeze, rC- Will++}
   (You bought it in a shop on level 2 of the Orcish Mines)

   rC:        It makes you vulnerable to cold.
   Will:      It greatly increases your willpower.
 Q - a +3 executioner's axe of freezing (weapon)
 V - the +9 dire flail "Obyiqek" {vamp, rN+ Int+5}
   (You found it on level 3 of the Shoals)

   Int:       It affects your intelligence (+5).
   rN:        It protects you from negative energy.
Missiles
 a - 9 atropa-tipped darts
 g - 7 throwing nets
 y - 18 boomerangs (quivered)
 C - 5 silver javelins
 J - 7 curare-tipped darts
 K - 7 javelins
Armour
 q - a +2 plate armour of cold resistance (worn)
 s - a +0 cloak (worn)
 H - a +1 hat (worn)
 R - a +1 pair of gloves (worn)
Jewellery
 e - a ring of protection from fire
 h - a +6 ring of strength
 t - a ring of poison resistance (left hand)
 G - a +4 ring of slaying (right hand)
 M - an amulet of reflection (around neck)
Wands
 d - a wand of iceblast (6)
 v - a wand of light (20)
 O - a wand of paralysis (27)
 W - a wand of mindburst (10)
Scrolls
 c - a scroll of silence
 f - a scroll of magic mapping
 i - 15 scrolls of teleportation
 j - 23 scrolls of identify
 r - 4 scrolls of fear
 u - 6 scrolls of blinking
 F - 7 scrolls of poison
 N - 3 scrolls of fog
 T - 2 scrolls of enchant weapon
 Z - 2 scrolls of enchant armour
Potions
 b - 13 potions of flight
 k - 6 potions of lignification
 l - 12 potions of curing
 o - 5 potions of heal wounds
 x - 2 potions of haste
 z - 4 potions of attraction
 A - 3 potions of ambrosia
 B - 3 potions of berserk rage
 D - a potion of cancellation
 E - 4 potions of might
 P - 8 potions of invisibility
 S - 3 potions of resistance
Miscellaneous
 n - a tin of tremorstones (inert)
 L - a phantom mirror
 U - a box of beasts
 X - a phial of floods
 Y - a lightning rod (4/4)


   Skills:
 - Level 19.2 Fighting
 - Level 20.0 Axes
 - Level 14.0 Throwing
 - Level 19.0 Armour
 + Level 14.2 Dodging
 - Level 13.1 Evocations


You had 17 spell levels left.
You didn't know any spells.
Your spell library was empty.

Dungeon Overview and Level Annotations

Branches:
Dungeon (15/15)            Temple (0/1) D:5            Lair (5/5) D:9
 Shoals (4/4) Lair:2       Spider (4/4) Lair:2        Slime (0/5) Lair:4
    Orc (2/2) D:11            Elf (0/3) Orc:2        Vaults (0/5) D:14
 Depths (0/4) D:15          IceCv (visited)

Altars:
Cheibriados
Elyvilon
Gozag
Makhleb
Qazlal
Trog
Uskayaw
Vehumet
Wu Jian
Zin
Jiyva

Shops:
Orc:2 =(?*=   Shoals:2 (

Portals:
Pandemonium: Orc:2

Annotations:
D:4 money vault


Innate Abilities, Weirdness & Mutations

You have a pair of horns on your head.
You reflexively headbutt those who attack you in melee.
You possess an exceptional clarity of mind.
You expend magic power (3 MP) to strengthen your wands.


Message History

* * * LOW HITPOINT WARNING * * *
You block the emperor scorpion's attack.
The emperor scorpion claws you but does no damage.
The emperor scorpion stings you but does no damage.
The emperor scorpion claws you but does no damage.
The emperor scorpion misses you. The emperor scorpion barely misses you.
You furiously retaliate!
You headbutt the emperor scorpion!! The emperor scorpion claws you.
* * * LOW HITPOINT WARNING * * *
The emperor scorpion claws you but does no damage.
A redback comes into view.
Deactivating autopickup; reactivate with Ctrl-A.
You slash something! You freeze something. You headbutt something.
You hit the emperor scorpion. You freeze the emperor scorpion.
You slash the emperor scorpion! You freeze the emperor scorpion.
You hit the emperor scorpion. You freeze the emperor scorpion.
The emperor scorpion barely misses you.
The emperor scorpion claws you but does no damage.
The emperor scorpion barely misses you.
The emperor scorpion closely misses you.
You furiously retaliate!
You headbutt the emperor scorpion!
The emperor scorpion claws you but does no damage. x2
Something hits you but does no damage. x2
Something stings you but does no damage.
The emperor scorpion stings you but does no damage.
The emperor scorpion claws you but does no damage. x2
You slice something!! You closely miss the emperor scorpion.
You slice the emperor scorpion!! You freeze the emperor scorpion.
You kill the emperor scorpion!
Trog accepts your kill.
You hit the emperor scorpion but do no damage.
You hear a faint skittering sound.
The emperor scorpion stings you but does no damage.
The emperor scorpion claws you but does no damage. x2
A jumping spider comes into view.
Something hits you but does no damage. x2; Something stings you!
* * * LOW HITPOINT WARNING * * *
You feel dopey. The emperor scorpion stings you!!
You die...

#..# #≈.~#
#... ##.##
#≈...##...
#..#
##...###..
##..#
#..##
#..## #..#
#.†# #..##
#s@{#
##sss.≈≈.#
#.s^...!#
##.†^!.~#
.~.!..#
^..#.##
#~~#.# #.#
#


You could see 2 emperor scorpions, a culicivora, a jumping spider and a redback.

Vanquished Creatures
  Nikola (Shoals:1)
  Jorgrun (Shoals:3)
  Mlioglotl (Shoals:1)
  Frances (Shoals:1)
  Gastronok (D:10)
  2 krakens
  A fenstrider witch (D:14)
  The ghost of Graphine the Eternal Night, a journeyman HOFi of Dithmenos (Shoals:3)
  3 emperor scorpions (Spider:4)
  2 ghost moths
  2 orc warlords (Orc:1)
  The ghost of TangoThomas the Destroyer, a journeyman DsRe of Okawaru (Spider:1)
  A stone giant (D:15)
  A white draconian (IceCv)
  2 spark wasps
  3 merfolk javelineers (Shoals:4)
  9 merfolk impalers
  A spectral kraken (Shoals:3)
  5 entropy weavers
  4 vault guards (D:14)
  The ghost of polpettosauro the Severer, a journeyman MiBe of Trog (Lair:2)
  An ice dragon (Orc:2)
  7 hydras
  Fannar (Lair:2)
  3 catoblepae (Lair:5)
  Harold (D:10)
  2 demonspawn (Orc:2)
  2 radroaches
  7 merfolk aquamancers
  Erica (D:9)
  An ogre mage (D:14)
  5 merfolk avatars
  A death knight (D:15)
  2 alligator snapping turtles
  7 boulder beetles
  5 centaur warriors
  14 death yaks
  A two-headed ogre (D:13)
  2 satyrs
  A death scarab (Spider:2)
  6 orc high priests (Orc:2)
  8 hell knights (D:12)
  Amaemon (D:9)
  Nergalle (D:12)
  5 skeletal warriors (D:14)
  Lodul (D:12)
  2 skysharks
  5 pharaoh ants
  6 orb spiders
  11 sea snakes
  A wizard (D:14)
  A phantasmal warrior (D:15)
  8 harpies
  A steelbarb worm (Spider:2)
  Pikel (D:6)
  7 orc knights
  9 orc sorcerers
  A necromancer (D:12)
  A faun (shapeshifter) (D:15)
  A wolf spider (shapeshifter) (D:15)
  5 fauns
  2 deep elf pyromancers
  12 ugly things (D:14)
  13 wolf spiders
  9 merfolk sirens
  9 cyclopes
  25 manticores
  19 elephants
  Maurice (D:11)
  4 moths of wrath
  5 black mambas
  7 water nymphs
  2 ice statues (IceCv)
  An orange demon (D:10)
  6 demonic crawlers
  2 gargoyles
  2 torpor snails
  A spectral sea snake (Shoals:3)
  7 cane toads
  An unseen horror (D:11)
  Maggie (D:8)
  A kobold demonologist (D:12)
  7 komodo dragons
  A yaktaur (shapeshifter) (D:13)
  Psyche (D:8)
  5 rime drakes
  A freezing wraith (D:15)
  4 trolls
  22 merfolk
  7 wind drakes
  The ghost of 00zero00 the Cleaver, an amateur HOFi (D:4)
  A wolf spider simulacrum (D:15)
  2 hornets
  5 polar bears
  A hellwing (Orc:2)
  19 tarantellas
  29 blink frogs
  8 dream sheep
  11 snapping turtles
  17 jumping spiders
  A shadow (D:12)
  A wraith (D:15)
  A spriggan (D:7)
  16 culicivoras
  34 yaks
  A vampire (D:13)
  4 wyverns
  3 basilisks
  10 water elementals
  2 steam dragons
  7 vampire mosquitoes
  67 redbacks
  A warg (Orc:1)
  23 water moccasins
  3 hell hounds (D:12)
  2 floating eyes (D:14)
  Duvessa (D:6)
  A spectral snapping turtle (Shoals:3)
  43 orc warriors
  4 black bears
  23 wolves
  17 centaurs
  15 ogres
  3 kobold brigands
  3 gnoll sergeants
  10 bullfrogs
  6 scorpions
  8 wights (D:6)
  Dowan (D:6)
  4 lindwurm simulacra (IceCv)
  6 howler monkeys
  3 jellies
  3 komodo dragon simulacra (IceCv)
  20 orc priests
  3 hounds
  3 sleepcaps
  Terence (D:3)
  5 iguanas
  19 orc wizards
  15 gnolls
  6 acid dragon simulacra (IceCv)
  6 adders
  A shadow imp (D:6)
  3 white imps
  8 steam dragon simulacra (IceCv)
  4 ufetubi (D:5)
  2 worms (D:2)
  6 dart slugs
  77 orcs
  4 endoplasms
  4 giant cockroaches (D:2)
  8 goblins
  9 hobgoblins
  6 jackals
  13 kobolds
  5 quokkas
  11 ball pythons
  8 bats
  A frilled lizard (D:2)
  6 rats
  2 tentacles (Shoals:3)
1045 creatures vanquished.

Vanquished Creatures (collateral kills)
  A hell hound (D:12)
  2 orc warriors
  2 centaurs (D:13)
  An orc priest (Orc:1)
  2 orcs
8 creatures vanquished.

Vanquished Creatures (others)
  A rime drake (IceCv)
  A merfolk (Shoals:2)
  A blink frog (Lair:2)
  3 hell hounds (D:12)
  An orc wizard (D:9)
  3 orcs
  6 tentacles
16 creatures vanquished.

Grand Total: 1069 creatures vanquished

Notes
Turn   | Place    | Note
-------+----------+-------------------------------------------
     0 | D:1      | fungusakafungus the Minotaur Berserker began the quest for
                  | the Orb.
     0 | D:1      | Reached XP level 1. HP: 19/19 MP: 0/0
    44 | D:1      | Reached skill level 4 in Axes
    84 | D:1      | Reached XP level 2. HP: 24/26 MP: 1/1
   821 | D:2      | Reached skill level 5 in Axes
   867 | D:2      | Reached XP level 3. HP: 31/31 MP: 2/2
   936 | D:2      | Reached skill level 6 in Axes
   936 | D:2      | Reached XP level 4. HP: 28/39 MP: 3/3
  1047 | D:2      | Reached ** piety under Trog
  1847 | D:2      | Reached XP level 5. HP: 45/45 MP: 4/4
  1933 | D:2      | Identified a scroll of acquirement
  1933 | D:2      | Acquired a manual of Axes
  2062 | D:3      | Reached skill level 7 in Axes
  2281 | D:3      | Found a faded altar of an unknown god.
  2358 | D:3      | Noticed Terence
  2374 | D:3      | Killed Terence
  2375 | D:3      | Reached skill level 8 in Axes
  2833 | D:4      | Noticed an ogre
  2836 | D:4      | Killed an ogre
  2837 | D:4      | Reached skill level 9 in Axes
  2837 | D:4      | Reached XP level 6. HP: 51/51 MP: 5/5
  2930 | D:4      | Reached skill level 10 in Axes
  2992 | D:4      | Reached *** piety under Trog
  3220 | D:4      | Reached skill level 11 in Axes
  3603 | D:4      | Found a runed translucent gate.
  3603 | D:4      | Found a runed translucent gate.
  3603 | D:4      | Found an opulent altar of Gozag.
  3603 | D:4      | Found a runed translucent gate.
  3603 | D:4      | Noticed 00zero00's ghost (amateur HOFi)
  4157 | D:5      | Entered Level 5 of the Dungeon
  4205 | D:5      | Noticed a water moccasin
  4216 | D:5      | Killed a water moccasin
  4217 | D:5      | Reached skill level 12 in Axes
  4217 | D:5      | Reached XP level 7. HP: 28/57 MP: 6/6
  4459 | D:5      | Reached skill level 13 in Axes
  4547 | D:5      | Found a staircase to the Ecumenical Temple.
  4604 | D:5      | Reached skill level 14 in Axes
  4858 | D:5      | Reached XP level 8. HP: 64/64 MP: 7/7
  5043 | D:6      | Reached skill level 15 in Axes
  5067 | D:6      | Noticed Dowan
  5068 | D:6      | Noticed Duvessa
  5072 | D:6      | Killed Dowan
  5078 | D:6      | Killed Duvessa
  5191 | D:6      | Reached skill level 16 in Axes
  5347 | D:6      | Reached skill level 17 in Axes
  5608 | D:6      | Reached **** piety under Trog
  6288 | D:6      | Noticed Pikel
  6297 | D:6      | Killed Pikel
  6298 | D:6      | Reached skill level 18 in Axes
  6298 | D:6      | Reached XP level 9. HP: 70/70 MP: 8/8
  6500 | D:7      | Reached skill level 1 in Throwing
  7123 | D:7      | Reached skill level 5 in Fighting
  7153 | D:7      | Identified the +11 rapier of the Smoking Fox {elec, rN+}
  7355 | D:7      | Found a snail-covered altar of Cheibriados.
  7621 | D:8      | Noticed Psyche
  7628 | D:8      | Killed Psyche
  7716 | D:8      | Reached skill level 19 in Axes
  7850 | D:8      | Paralysed by a hornet for 3 turns
  8178 | D:8      | Reached XP level 10. HP: 72/81 MP: 9/9
  8206 | D:8      | Noticed Maggie
  8219 | D:8      | Killed Maggie
  8645 | D:8      | You are sucked into a shaft and drop 3 floors!
  8648 | D:11     | Gained mutation: Your flesh is cold resistant. (rC+)
                  | [potion of mutation]
  8648 | D:11     | Gained mutation: You do not regenerate when monsters are
                  | visible. [potion of mutation]
  8677 | D:11     | Reached skill level 20 in Axes
  8759 | D:10     | Entered Level 10 of the Dungeon
  9049 | D:9      | Reached skill level 5 in Armour
  9208 | D:9      | Noticed Erica
  9227 | D:9      | Killed Erica
  9614 | D:9      | Found a staircase to the Lair.
 10129 | D:10     | Noticed Amaemon
 10132 | D:10     | Reached skill level 5 in Throwing
 10135 | D:10     | Noticed an orange demon
 10158 | D:9      | Killed Amaemon
 10159 | D:9      | Reached XP level 11. HP: 33/93 MP: 10/10
 10564 | D:10     | Noticed Harold
 10579 | D:10     | Killed Harold
 10796 | D:10     | Found a glowing silver altar of Zin.
 11034 | D:10     | Noticed Gastronok
 11049 | D:10     | Killed Gastronok
 11253 | D:10     | Found a hide-covered altar of Uskayaw.
 11258 | D:10     | Found an ornate altar of the Wu Jian Council.
 11259 | D:10     | Found a burning altar of Makhleb.
 11260 | D:10     | Found a radiant altar of Vehumet.
 11263 | D:10     | Found a stormy altar of Qazlal.
 11622 | D:11     | Found a staircase to the Orcish Mines.
 11691 | D:11     | Noticed Maurice
 11696 | D:11     | Killed Maurice
 12717 | D:12     | Noticed a deep elf pyromancer
 12724 | D:12     | Killed a deep elf pyromancer
 12784 | D:12     | Noticed Nergalle
 12791 | D:12     | Killed Nergalle
 12792 | D:12     | Reached skill level 10 in Fighting
 13328 | D:12     | Reached XP level 12. HP: 88/107 MP: 11/11
 13409 | D:12     | Noticed Lodul
 13416 | D:12     | Killed Lodul
 13417 | D:12     | Reached skill level 10 in Armour
 15489 | D:13     | Noticed a centaur warrior
 15494 | D:13     | Killed a centaur warrior
 15510 | D:13     | Noticed a centaur warrior
 15520 | D:13     | Killed a centaur warrior
 15765 | D:13     | Noticed a two-headed ogre
 15775 | D:13     | Killed a two-headed ogre
 15826 | D:13     | Reached skill level 10 in Throwing
 15949 | D:13     | Noticed a seven-headed hydra
 16054 | Orc:1    | Entered Level 1 of the Orcish Mines
 16350 | Orc:1    | Found a transporter.
 16371 | Orc:1    | Found a transporter.
 16372 | Orc:1    | Found an ornate altar of the Wu Jian Council.
 16372 | Orc:1    | Noticed an orc warlord
 16417 | Orc:1    | Reached XP level 13. HP: 116/119 MP: 12/12
 16447 | Orc:1    | Noticed an orc warlord
 16628 | Orc:1    | Killed an orc warlord
 16940 | Orc:1    | Found a transporter.
 16944 | Orc:1    | Found an ornate altar of the Wu Jian Council.
 16945 | Orc:1    | Found a transporter.
 17513 | Orc:1    | Killed an orc warlord
 17598 | Orc:2    | Entered Level 2 of the Orcish Mines
 17719 | Orc:2    | Paralysed by an orc sorcerer for 2 turns
 17886 | Orc:2    | Found a frozen archway.
 18159 | IceCv    | Entered an ice cave
 18523 | IceCv    | Noticed a white draconian
 18542 | IceCv    | Reached ***** piety under Trog
 18552 | IceCv    | HP: 2/122 [white draconian/+2 halberd of venom (11)]
 18558 | IceCv    | Killed a white draconian
 19205 | Orc:2    | Found Fyure's Jewellery Emporium.
 19487 | Orc:2    | Found a staircase to the Elven Halls.
 19634 | Orc:2    | Found Ciev's General Store.
 19638 | Orc:2    | Found Cekecout's Magic Scroll Boutique.
 19740 | Orc:2    | Bought a scroll of teleportation for 42 gold pieces
 19740 | Orc:2    | Bought a scroll of enchant weapon for 105 gold pieces
 19743 | Orc:2    | Bought a scroll of silence for 142 gold pieces
 19743 | Orc:2    | Bought a potion of haste for 150 gold pieces
 20659 | Orc:2    | Received a gift from Trog
 20803 | Orc:2    | Reached XP level 14. HP: 94/133 MP: 13/13
 21314 | Orc:2    | Found Douny Cue's Jewellery Shoppe.
 21314 | Orc:2    | Found Midyhum's Antique Weapon Emporium.
 21315 | Orc:2    | Found a one-way gate leading to the halls of Pandemonium.
 21317 | Orc:2    | Bought a +4 ring of slaying for 1170 gold pieces
 21321 | Orc:2    | Bought a crude broad axe for 207 gold pieces
 21321 | Orc:2    | Identified the +6 broad axe of Anguish {freeze, rC- Will++}
                  | (You bought it in a shop on level 2 of the Orcish Mines)
 21461 | Lair:1   | Entered Level 1 of the Lair of Beasts
 21637 | Lair:1   | Reached skill level 15 in Fighting
 21985 | Lair:1   | Reached skill level 15 in Armour
 22293 | Lair:1   | Received a gift from Trog
 22581 | Lair:2   | Found a staircase to the Shoals.
 22686 | Lair:2   | Noticed Fannar
 22699 | Lair:2   | Killed Fannar
 22945 | Lair:2   | Found a hole to the Spider Nest.
 23121 | Lair:2   | Found a runed translucent door.
 23123 | Lair:2   | Noticed polpettosauro's ghost (journeyman MiBe)
 23159 | Lair:2   | Killed polpettosauro's ghost
 24330 | Lair:4   | Found a viscous altar of Jiyva.
 24331 | Lair:4   | Found a staircase to the Slime Pits.
 24635 | Lair:4   | Reached XP level 15. HP: 126/145 MP: 14/14
 24641 | Lair:4   | Received a gift from Trog
 24973 | Lair:5   | Entered Level 5 of the Lair of Beasts
 25656 | Lair:5   | Reached skill level 1 in Evocations
 26390 | Lair:5   | Found a white marble altar of Elyvilon.
 27351 | D:13     | Found a bloodstained altar of Trog.
 27745 | D:14     | Found a gate to the Vaults.
 27773 | D:14     | Reached ****** piety under Trog
 28055 | D:14     | Found a radiant altar of Vehumet.
 28311 | D:14     | Identified the +7 battleaxe of Megalomania {antimagic,
                  | *Rage Str+9} (Trog gifted it to you on level 14 of the
                  | Dungeon)
 28311 | D:14     | Received a gift from Trog
 28683 | D:14     | Reached skill level 5 in Evocations
 29104 | D:14     | Paralysed by a floating eye for 2 turns
 29108 | D:14     | Paralysed by a floating eye for 3 turns
 29120 | D:14     | Reached XP level 16. HP: 157/157 MP: 5/15
 29403 | D:15     | Entered Level 15 of the Dungeon
 29406 | D:15     | Identified the +2 scale mail of Fortification {Int+3 Dex+5}
 29456 | D:15     | Found a staircase to the Depths.
 29494 | D:15     | HP: 5/157 [stone giant (27)]
 29879 | D:15     | Identified the +3 trident of the Shining Light {spect,
                  | Str+2}
 30571 | D:4      | Killed 00zero00's ghost
 31257 | Shoals:1 | Entered Level 1 of the Shoals
 31445 | Shoals:1 | Lost mutation: Your flesh is cold resistant. (rC+) [potion
                  | of mutation]
 31445 | Shoals:1 | Lost mutation: You do not regenerate when monsters are
                  | visible. [potion of mutation]
 31445 | Shoals:1 | Gained mutation: You have a somewhat thin skeletal
                  | structure. (Dex +2, Stealth+) [potion of mutation]
 31445 | Shoals:1 | Gained mutation: You are agile. (Dex +4, Str/Int -1)
                  | [potion of mutation]
 31445 | Shoals:1 | Gained mutation: You have a moderately thin skeletal
                  | structure. (Dex +4, Stealth++) [potion of mutation]
 31465 | Shoals:1 | Noticed Nikola
 31468 | Shoals:1 | Noticed Frances
 31478 | Shoals:1 | Killed Frances
 31484 | Shoals:1 | Killed Nikola
 31555 | Shoals:1 | Noticed a kraken
 31560 | Shoals:1 | Killed a kraken
 31651 | Shoals:1 | Acquired a manual of Evocations
 31690 | Shoals:1 | Noticed Mlioglotl
 31701 | Shoals:1 | Killed Mlioglotl
 33310 | Shoals:2 | Found Janiusoq's Weapon Shop.
 33325 | Shoals:2 | Bought 3 curare-tipped darts for 54 gold pieces
 34237 | Shoals:3 | Noticed Jorgrun
 34246 | Shoals:3 | Killed Jorgrun
 34455 | Shoals:3 | Found a transporter.
 34455 | Shoals:3 | Found a transporter.
 34459 | Shoals:3 | Noticed Graphine's ghost (journeyman HOFi)
 34838 | Shoals:3 | Received a gift from Trog
 35073 | Shoals:3 | Noticed a kraken
 35080 | Shoals:3 | Killed a kraken
 35081 | Shoals:3 | Reached skill level 10 in Evocations
 35800 | Shoals:3 | Reached XP level 17. HP: 146/146 MP: 5/16
 35805 | Shoals:3 | Reached skill level 5 in Dodging
 35809 | Shoals:3 | Killed Graphine's ghost
 36012 | Shoals:3 | Identified the ring of Meaz {rF- rC++ Will+ MP+9 Dex+8}
 36014 | Shoals:3 | Identified the +2 morningstar "Newtbane" {speed, rN+}
 36020 | Shoals:3 | Identified the +9 dire flail "Obyiqek" {vamp, rN+ Int+5}
 36134 | Shoals:4 | Entered Level 4 of the Shoals
 36374 | Shoals:4 | Found the +12 glaive of Prune {freeze, Prune}
 36447 | Shoals:4 | Identified the +0 robe of Wu Jian, Mashing {rC- rCorr Str+7
                  | SInv}
 36606 | Shoals:4 | Received a gift from Trog
 36919 | Shoals:4 | Identified the +5 dagger of Terra Nullius {drain, rF+ Will+
                  | Dex+2 SInv}
 37558 | Shoals:4 | Got a barnacled rune of Zot
 38018 | Spider:1 | Entered Level 1 of the Spider Nest
 38647 | Spider:1 | Received a gift from Trog
 38947 | Spider:1 | Reached skill level 10 in Dodging
 39114 | Spider:1 | Identified the +1 robe "Tauh" {Str+3 Dex+3}
 39210 | Spider:1 | Found a runed translucent gate.
 39211 | Spider:1 | Found a runed translucent gate.
 39211 | Spider:1 | Found a runed translucent gate.
 39211 | Spider:1 | Noticed TangoThomas's ghost (journeyman DsRe)
 39232 | Spider:1 | Killed TangoThomas's ghost
 39776 | Spider:2 | Received a gift from Trog
 39874 | Spider:1 | HP: 3/168 [radroach (9)]
 40579 | Spider:2 | Identified the staff of air "Ziwom" {rElec rCorr}
 41288 | Spider:3 | Reached XP level 18. HP: 176/176 MP: 17/17
 42023 | Spider:4 | Entered Level 4 of the Spider Nest
 42446 | Spider:4 | Lost intelligence.
 43512 | Shoals:4 | Lost mutation: You have a moderately thin skeletal
                  | structure. (Dex +4, Stealth++) [potion of mutation]
 43512 | Shoals:4 | Lost mutation: You are agile. (Dex +4, Str/Int -1) [potion
                  | of mutation]
 43512 | Shoals:4 | Lost mutation: You have a somewhat thin skeletal structure.
                  | (Dex +2, Stealth+) [potion of mutation]
 43512 | Shoals:4 | Gained mutation: You possess an exceptional clarity of
                  | mind. [potion of mutation]
 43512 | Shoals:4 | Gained mutation: You expend magic power (3 MP) to
                  | strengthen your wands. [potion of mutation]
 44034 | Spider:4 | Received a gift from Trog
 44042 | Spider:4 | Mangled by an emperor scorpion

Illustrated notes

Levels and vault maps discovered:
D:1:      psy_arrival_statuary, layout_rooms, serial_forest,
          infiniplex_forest_straight_3, infiniplex_forest_corner_2,
          infiniplex_forest_lined_room_2, infiniplex_forest_end_2,
          infiniplex_forest_pool, infiniplex_forest_clump_cross,
          infiniplex_forest_clump_double
D:2:      layout_basic, amcnicky_mini_rare_corridor_liquid, minmay_between
D:3:      layout_basic, ebering_ecumenical_altar_rust, minmay_crystal_water,
          hex_large, uniq_terence
D:4:      layout_basic, ebering_ghost_gozag
D:5:      layout_rooms, minmay_temple_entry_stoned_glass, serial_demonic,
          serial_demonic_b, serial_demonic_b, serial_demonic_b,
          serial_demonic_b, solitary_fountain
D:6:      hellmonk_ruined_rings, layout_basic, serial_co_window_serial,
          co_window_corner_a, co_window_corner_a, co_window_paths_a,
          co_window_paths_a, co_window_corner_a, co_window_2corner,
          co_window_broadway_c, co_window_corner_b, co_window_unsneaky_path_d,
          co_window_of_opportunity_b, glass_columns_c, glass_columns_b,
          glass_columns_c, uniq_pikel, uniq_duvessa
D:7:      layout_gridville, mainiacjoe_overflow_chevrons, grunt_ministairs_13,
          minmay_liquid_box, the_hattery
D:8:      layout_loops_ring, uniq_psyche, uniq_maggie
D:9:      layout_stronghold, due_lair_maze_entry_diamond,
          nicolae_concentric_dashed_squares_mild, uniq_erica
D:10:     layout_loops_ring, minitemple, kennysheep_mini_moat, uniq_gastronok,
          uniq_harold, uniq_amaemon
D:11:     layout_rooms, david_orc_3, wad_floor_pattern_untrapped, uniq_maurice
D:12:     layout_gridville, hangedman_abyss_or_decor_jellyfish_corner,
          minmay_rotating_lava, uniq_lodul, uniq_nergalle
D:13:     layout_basic, gauntlet_entry_generic, trog_ov_bears_minmay
D:14:     hellmonk_paralyzer, layout_long_grid,
          lightli_vaults_fourway_checkpoint, minivault_25, vehumet_crystals
D:15:     grunt_enter_depths_giant_problem, layout_rooms, minivault_12
Lair:1:   layout_roguey, grunt_megastairs_3
Lair:2:   layout_gridlike, shoals_dummy_entry,
          nicolae_spider_entry_lesser_pyramids, ebering_ghost_inner_flame,
          beast_lair_carwin_1, uniq_fannar
Lair:3:   layout_roguey, st_stairs_7, grunt_megastairs_5,
          infiniplex_staircase_pool_2
Lair:4:   layout_cave_shapes, dpeg_slime_entry_enclosed, beast_lair_carwin_4
Lair:5:   evilmike_catoblepas_cave, layout_small_grid, basic_altar
Shoals:1: layout_shoals, nicolae_shoals_kraken_intersection, uniq_frances,
          uniq_nikola, uniq_mlioglotl
Shoals:2: layout_shoals, serial_shops, nicolae_shop_hallway_plus,
          nicolae_shoals_water_shrine
Shoals:3: layout_shoals, ebering_ghost_davey_jones,
          nicolae_shoals_hidden_pirate_stash, uniq_jorgrun
Shoals:4: shoals_end_grunt_ice, layout_shoals
Spider:1: layout_spider_delve, ebering_ghost_rock_garden,
          nicolae_spider_rock_and_or_roll
Spider:2: layout_spider_delve, hangedman_spider_tarantella_strand
Spider:3: layout_chambers
Spider:4: grunt_spider_rune_circles
Orc:1:    dreamdust_wu_jian_sword_trials, layout_caves
Orc:2:    pf_orc_diabolical, layout_caves, serial_shops, shop, basic_altar,
          portal_ice_cave_entry_animals_and_master

Skill      XL: |  1  2  3  4  5  6  7  8  9 10 11 12 13 14 15 16 17 18 |
---------------+-------------------------------------------------------+-----
Axes           | 4 5 6 9 12 14 18 19 20 | 20.0
Fighting       | 5 7 10 12 14 16 18 19 | 19.2
Throwing       | 2 5 8 10 11 13 14 | 14.0
Armour         | 4 7 9 12 14 16 17 19 | 19.0
Evocations     | 5 10 13 | 13.1
Dodging        | 4 12 14 | 14.2

Action                     |  1- 3 |  4- 6 |  7- 9 | 10-12 | 13-15 | 16-18 || total
---------------------------+-------+-------+-------+-------+-------+-------++-------
  Melee: Hand axe          |   146 |   143 |    86 |       |       |       ||   375
         Headbutt          |    49 |    23 |    33 |    74 |   201 |   173 ||   553
         Punch             |     2 |     1 |     1 |     2 |     6 |     3 ||    15
         Battleaxe         |       |       |   131 |   279 |   179 |   155 ||   744
         Broad axe         |       |       |       |    97 |   595 |   159 ||   851
         Executioner's axe |       |       |       |       |    10 |   363 ||   373
         Glaive            |       |       |       |       |       |    49 ||    49
  Throw: Stone             |       |    14 |       |       |       |       ||    14
         Javelin           |       |     6 |    30 |    47 |    17 |       ||   100
         Dart              |       |       |     5 |    40 |     5 |     7 ||    57
         Boomerang         |       |       |       |    42 |   228 |    91 ||   361
 Invoke: Berserk           |     1 |     3 |     3 |     5 |     4 |       ||    16
         Trog's Hand       |       |     2 |     6 |    12 |     9 |     5 ||    34
         Brothers in Arms  |       |       |       |     1 |       |       ||     1
  Evoke: Wand              |       |       |       |     9 |       |    86 ||    95
         Tin of tremorston |       |       |       |     2 |     1 |     4 ||     7
    Use: Scroll            |       |    16 |     4 |     9 |     6 |     4 ||    39
         Potion            |       |       |       |     1 |     5 |     7 ||    13
   Stab: Invisible         |       |       |       |       |       |     1 ||     1
 Armour: Animal skin       |     3 |       |       |       |       |       ||     3
         Scale mail        |    17 |    17 |       |       |       |       ||    34
         Ring mail         |       |    11 |       |       |       |       ||    11
         Chain mail        |       |     9 |    95 |    45 |       |       ||   149
         Plate armour      |       |       |       |   145 |   343 |   537 ||  1025
  Dodge: Dodged            |    24 |    67 |    82 |   130 |   198 |   448 ||   949
  Block: Other             |       |       |       |       |    82 |   134 ||   216
         Reflection        |       |       |       |       |     3 |     7 ||    10
         Orb               |       |       |       |       |     3 |     2 ||     5
